 Dungeon Crawl Stone Soup version 0.20-a0-187-ge5586d949a (webtiles) character file.

20 terminator the Sneak (level 2, 0/17 HPs)
             Began as a Gargoyle Assassin on Nov 23, 2016.
             Slain by a bat (1 damage)
             ... on level 2 of the Dungeon.
             The game lasted 00:04:52 (859 turns).

terminator the Sneak (Gargoyle Assassin)             Turns: 859, Time: 00:04:52

Health: 0/17       AC:  5    Str: 14    XL:     2   Next: 79%
Magic:  2/2        EV: 11    Int: 11    God:
Gold:   24         SH:  0    Dex: 11    Spells: 1/1 levels left

rFire  . . .     SeeInvis .     a - +2 dagger
rCold  . . .     Gourm    .     c - +0 robe
rNeg   + . .     Faith    .     (no shield)
rPois  ∞         Spirit   .     (no helmet)
rElec  +         Reflect  .     d - +0 cloak
rCorr  .         Harm     .     (no gloves)
MR     .....                    (no boots)
Stlth  +++.......               (no amulet)
                                (no ring)
                                (no ring)

@: no status effects
A: negative energy resistance 1, electricity resistance, unbreathing,
petrification resistance, rot immunity, AC +2
a: no special abilities


You were on level 2 of the Dungeon.
You were not hungry.

You visited 1 branch of the dungeon, and saw 2 of its levels.

You collected 24 gold pieces.

Inventory:

Hand Weapons
 a - a +2 dagger (weapon)
 b - a +0 blowgun
 i - a +0 hunting sling
 m - a +0 whip
Missiles
 e - 8 poisoned needles
 f - 2 curare-tipped needles
 h - 18 bolts
 j - 28 arrows
 k - 21 stones (quivered)
Armour
 c - a +0 robe (worn)
 d - a +0 cloak (worn)
Comestibles
 g - a bread ration


   Skills:
 + Level 2.2 Fighting
 + Level 1.9 Short Blades
 + Level 2.0 Throwing
 + Level 0.8 Dodging
 + Level 5.0 Stealth


You had one spell level left.
You didn't know any spells.

Dungeon Overview and Level Annotations

Branches:
Dungeon (2/15)

Altars:


Innate Abilities, Weirdness & Mutations

You are resistant to torment.
Your stone body is resilient. (AC +2)
You are immune to poison.
You resist negative energy. (rN+)
You are resistant to electric shocks. (rElec)
You can survive without breathing.
You are immune to petrification.
You are immune to rotting.


Message History

The bat barely misses you. The adder barely misses you.
The bat barely misses you. The jackal closely misses you. The adder bites you.
* * * LOW HITPOINT WARNING * * *
The bat hits you.
* * * LOW HITPOINT WARNING * * *
The jackal completely misses you. The bat hits you but does no damage.
You see here a club.
The jackal completely misses you. The jackal bites you.
* * * LOW HITPOINT WARNING * * *
The adder barely misses you. The adder bites you but does no damage.
The jackal closely misses you. The bat hits you.
* * * LOW HITPOINT WARNING * * *
The bat closely misses you. The adder misses you.
The bat hits you but does no damage. The adder closely misses you.
The bat hits you but does no damage. The bat hits you but does no damage.
The bat hits you.
You die...

#.# . #. # ##.####
.. .. #.#
###.....#### .
#....!## #........>.
. #..#...
#######.#..##..##.#
#..#.
#..........#....#.#
##..
#.#####.#.........##
##... #.#)#.Sb!....#
#?#.# #.#...h.@#..
#.#.# #..###......#
#.... #.. #....<.#
###.. ##.# #.....##
#.. ##. ......%. #..
...##..... #.. ....#
...... #.. .....#
.#.#.. ... ###


You could see an adder, a jackal and a bat.

Vanquished Creatures
  An adder (D:2)
  3 bats
  A goblin (D:1)
  A hobgoblin (D:2)
  A jackal (D:2)
  2 kobolds (D:2)
  A rat (D:2)
10 creatures vanquished.

Notes
Turn   | Place    | Note
-------+----------+-------------------------------------------
     0 | D:1      | terminator the Gargoyle Assassin began the quest for the Orb.
     0 | D:1      | Reached XP level 1. HP: 12/12 MP: 1/1
   125 | D:1      | You fall through a shaft!
   495 | D:2      | Reached XP level 2. HP: 13/17 MP: 2/2
   847 | D:2      | Reached skill level 5 in Stealth
   859 | D:2      | Slain by a bat

Vault maps used:
D:1:      onia_arrival_pyramid, roderic_roman_lattice
D:2:      roderic_chinese_pattern_swastika, minmay_stone_trees_medium,
          st_stairs_4, nicolae_dithmenos_through_a_glass_darkly

Skill      XL: |  1  2 |
---------------+-------+-----
Throwing       | 2 |  2.0
Stealth        | 5 |  5.0
Fighting       | |  2.2
Short Blades   | |  1.9
Dodging        | |  0.8

Action                   || total
-------------------------++-------
Melee: Dagger            ||    45
  Use: Scroll            ||     1
 Stab: Sleeping          ||     1
Armor: Robe              ||    49
Dodge: Dodged            ||   101
